 Dungeon Crawl Stone Soup version 0.23-a0-97-g66d73a1 (webtiles) character file.

923 galech the Skirmisher (level 7, -7/84 HPs)
             Began as a Demonspawn Berserker on Aug 16, 2018.
             Was a Priest of Trog.
             Mangled by a two-headed ogre
             ... wielding a +0 dire flail
              (23 damage)
             ... on level 6 of the Dungeon on Aug 17, 2018.
             The game lasted 00:09:00 (6881 turns).

galech the Skirmisher (Demonspawn Berserker)        Turns: 6881, Time: 00:09:00

Health: -7/84      AC: 10    Str: 26    XL:     7   Next: 84%
Magic:  0/7        EV: 10    Int:  8    God:    Trog [***...]
Gold:   349        SH:  0    Dex: 15    Spells: 6/6 levels left

rFire    . . .     SeeInvis .     - Unarmed
rCold    . . .     Gourm    .   (no shield)
rNeg     . . .     Faith    .   f - +0 chain mail
rPois    .         Spirit   +   (no helmet)
rElec    .         Reflect  .   y - +0 cloak
rCorr    .         Harm     .   (no gloves)
MR       .....                  (no boots)
Stlth    ..........             m - amulet of guardian spirit
HPRegen  0.24/turn              x - ring of flight
MPRegen  0.10/turn              z - +4 ring of strength

@: mighty, berserking, very quick
A: claws 1, nightstalker 2, powered by pain 3
a: Berserk, Trog's Hand, Renounce Religion, Evoke Flight


You were on level 6 of the Dungeon.
You worshipped Trog.
Trog was most pleased with you.
You were hungry.

You visited 1 branch of the dungeon, and saw 6 of its levels.

You collected 349 gold pieces.

Inventory:

Hand Weapons
 a - a +0 hand axe
Armour
 f - a +0 chain mail (worn)
 y - a +0 cloak (worn)
Jewellery
 m - an amulet of guardian spirit (around neck)
 x - a ring of flight (left claw)
 z - a +4 ring of strength (right claw)
Wands
 B - a wand of disintegration (14)
Scrolls
 d - 5 scrolls of identify {unknown}
 e - 7 scrolls of remove curse {unknown}
 h - 2 scrolls of blinking {unknown}
 j - 3 scrolls of enchant weapon {unknown}
 k - 3 scrolls of magic mapping {unknown}
 l - a scroll of amnesia {unknown}
 n - a scroll of teleportation {unknown}
 q - a scroll of enchant armour {unknown}
 r - 3 scrolls of fear {unknown}
 s - 2 scrolls of immolation {unknown}
 t - 3 scrolls of fog {unknown}
 w - a scroll of noise {unknown}
Potions
 b - a potion of curing {unknown}
 g - a potion of mutation {unknown}
 i - a potion of ambrosia {unknown}
 o - a potion of degeneration {unknown}
 p - 2 potions of might {unknown}
 u - a potion of magic {unknown}
 v - a potion of haste {unknown}
 A - a potion of agility {unknown}
Comestibles
 c - 13 rations
 C - a chunk of flesh


   Skills:
 + Level 5.1 Fighting
 - Level 3.5 Axes
 + Level 4.1 Armour
 + Level 3.9 Dodging
 * Level 4.2 Unarmed Combat


You had 6 spell levels left.
You didn't know any spells.
Your spell library was empty.

Dungeon Overview and Level Annotations

Branches:
Dungeon (6/15)             Temple (0/1) D:4

Altars:
Ashenzari
Gozag
Ru
Trog
Wu Jian

Shops:
D:5 %


Innate Abilities, Weirdness & Mutations

You have sharp fingernails.
You are significantly more attuned to the shadows.
You are powered by pain.


Message History

You are too injured to fight recklessly!
You are too injured to fight recklessly!
You are too injured to fight recklessly!
A red film seems to cover your vision as you go berserk!
You feel yourself moving faster!
You feel mighty!
You are feeling hungry.
The two-headed ogre hits you but does no damage.
The two-headed ogre hits you with a giant club!
* * * LOW HITPOINT WARNING * * *
You focus on the pain.
You feel very mighty all of a sudden. The centaur skeleton hits you.
* * * LOW HITPOINT WARNING * * *
You mangle the two-headed ogre!!
The two-headed ogre is heavily wounded.
The centaur skeleton barely misses you.
You claw the two-headed ogre!
The two-headed ogre is heavily wounded.
The two-headed ogre hits you with a dire flail!!
You die...

# # # ######## ###.#
#.......###[...
#.....#.#.#..## .
#...#..#..#...
...#Z#...#...###
....O@.........#
#...#...#.###..#######
5#. #..#..# #.........
.. #.#...# #.########
. ##....# #.. ######
###


You could see a two-headed ogre, a crimson imp and a centaur skeleton.

Vanquished Creatures
  An eye of draining (D:5)
  A sky beast (D:6)
  2 scorpions (D:5)
  A howler monkey (D:5)
  A bullfrog zombie (D:5)
  A crimson imp (D:5)
  2 hounds (D:5)
  A bullfrog skeleton (D:6)
  A centaur skeleton (D:4)
  Terence (D:3)
  4 worker ants
  A killer bee zombie (D:5)
  A hound skeleton (D:5)
  4 gnolls
  9 adders
  A shadow imp (D:5)
  An ooze (D:2)
  An adder zombie (D:5)
  7 worms
  3 dart slugs
  8 leopard geckos
  2 orcs
  4 ball pythons (D:2)
  2 giant cockroaches
  11 goblins
  7 hobgoblins
  20 jackals
  9 bats
  2 frilled lizards
  6 kobolds
  11 rats
126 creatures vanquished.

Notes
Turn   | Place    | Note
-------+----------+-------------------------------------------
     0 | D:1      | galech the Demonspawn Berserker began the quest for the Orb.
     0 | D:1      | Reached XP level 1. HP: 18/18 MP: 1/1
    51 | D:1      | Gained mutation: You sometimes gain a little power by taking damage. [demonic ancestry]
    51 | D:1      | Reached XP level 2. HP: 22/24 MP: 2/2
   563 | D:1      | Gained mutation: You have sharp fingernails. [demonic ancestry]
   563 | D:1      | Reached XP level 3. HP: 29/29 MP: 3/3
   593 | D:1      | Reached ** piety under Trog
  2109 | D:2      | Gained mutation: You are slightly more attuned to the shadows. [demonic ancestry]
  2109 | D:2      | Reached XP level 4. HP: 35/35 MP: 4/4
  2145 | D:2      | Found a sacrificial altar of Ru.
  2174 | D:2      | Reached skill level 1 in Unarmed Combat
  2383 | D:2      | Upgraded the game from 0.23-a0-94-g44dc95e to 0.23-a0-97-g66d73a1
  2943 | D:2      | Gained mutation: You are significantly more attuned to the shadows. [demonic ancestry]
  2943 | D:2      | Reached XP level 5. HP: 32/42 MP: 5/5
  3238 | D:3      | Reached *** piety under Trog
  3292 | D:3      | Reached skill level 4 in Fighting
  3380 | D:3      | Found an opulent altar of Gozag.
  3517 | D:3      | Found a shattered altar of Ashenzari.
  3626 | D:3      | Noticed Terence
  3636 | D:3      | Killed Terence
  4308 | D:4      | Gained mutation: You sometimes gain power by taking damage. [demonic ancestry]
  4308 | D:4      | Reached XP level 6. HP: 48/48 MP: 4/6
  4582 | D:4      | Found a staircase to the Ecumenical Temple.
  4620 | D:4      | Found an ornate altar of the Wu Jian Council.
  4939 | D:5      | Entered Level 5 of the Dungeon
  5518 | D:5      | Found a bloodstained altar of Trog.
  5538 | D:5      | Gained mutation: You are powered by pain. [demonic ancestry]
  5538 | D:5      | Reached XP level 7. HP: 55/55 MP: 0/7
  5724 | D:5      | Found Ciatopas's Food Emporium.
  5929 | D:5      | Reached **** piety under Trog
  6227 | D:5      | Reached skill level 5 in Fighting
  6870 | D:6      | Noticed a two-headed ogre
  6881 | D:6      | Mangled by a two-headed ogre

Vault maps used:
D:1:      lightli_arrival_lavapool, minmay_misc_feat_hallway, st_stairs_6,
          minivault_19
D:2:      nicolae_overflow_hidden_temple, minmay_snake_closets
D:3:      nicolae_overflow_crystal_walls, grunt_gozag_statues, uniq_terence
D:4:      overflow_temple_1_default, minmay_temple_entry_fiery
D:5:      trog_eyes_of_draining, first_ration, serial_shops, shop,
          hangedman_decor_slide_cut
D:6:      gammafunk_temple_overflow_statue, gammafunk_temple_overflow_elements,
          hangedman_decor_diamond_cutter, uniq_eustachio

Skill      XL: |  1  2  3  4  5  6  7 |
---------------+----------------------+-----
Axes           | 3 |  3.5
Armour         | 2 3 4 |  4.1
Dodging        | 2 3 |  3.9
Unarmed Combat | 1 2 3 4 |  4.2
Fighting       | 4 5 |  5.1

Action                   |  1- 3 |  4- 6 |  7- 9 || total
-------------------------+-------+-------+-------++-------
Melee: Hand axe          |    58 |       |       ||    58
       Unarmed           |   139 |   361 |   150 ||   650
       Punch             |       |     2 |     3 ||     5
Invok: Berserk           |     2 |     4 |     1 ||     7
       Trog's Hand       |       |     2 |       ||     2
  Eat: Chunk             |     6 |    14 |     3 ||    23
       Ration            |       |     1 |       ||     1
Armor: Animal skin       |     9 |       |       ||     9
       Chain mail        |   104 |   191 |    83 ||   378
Dodge: Dodged            |    80 |   154 |    69 ||   303

Table legend:
 A = Non-vault XP
 B = Vault XP
 C = Vault XP percentage of total XP
 D = Non-vault monster count
 E = Vault monster count
 F = Vault count percentage of total count
                 A         B        C        D         E       F
            +---------+---------+-------+---------+---------+-------
      Total |    1048 |     271 |  20.5 |     111 |      15 |  11.9
            +---------+---------+-------+---------+---------+-------
        D:1 |      50 |       1 |   2.0 |      30 |       1 |   3.2
        D:2 |      81 |      85 |  51.2 |      23 |      10 |  30.3
        D:3 |      65 |      36 |  35.6 |      26 |       1 |   3.7
        D:4 |     131 |       0 |   0.0 |       9 |       0 |   0.0
        D:5 |     549 |     149 |  21.3 |      20 |       3 |  13.0
        D:6 |     172 |       0 |   0.0 |       3 |       0 |   0.0
            +---------+---------+-------+---------+---------+-------
